 Dungeon Crawl Stone Soup version 0.29.1-13-g9f3cf754e1 (webtiles) character file.

Game seed: 9927275276754300431

426 promet the Magician (level 6, 0/32 HPs)
             Began as a Deep Elf Hedge Wizard on Jan 27, 2023.
             Slain by an orc priest
             ... wielding a +0 hand axe
              (5 damage)
             ... on level 4 of the Dungeon on Jan 28, 2023.
             The game lasted 00:33:00 (6795 turns).

promet the Magician (Deep Elf Hedge Wizard)         Turns: 6795, Time: 00:33:01

Health: 0/32       AC:  3    Str:  7    XL:     6   Next: 64%
Magic:  14/17      EV: 13    Int: 21    God:
Gold:   177        SH:  0    Dex: 14    Spells: 12/17 levels left

rFire   . . .      SeeInvis .   e - +0 spear
rCold   . . .      Faith    .   (no shield)
rNeg    . . .      Spirit   .   b - +0 robe
rPois   .          Reflect  .   i - +0 helmet
rElec   .          Harm     .   (no cloak)
rCorr   .          Rampage  .   (no gloves)
Will    +....                   (no boots)
Stlth   +++.......              (no amulet)
HPRegen 0.10/turn               p - ring of willpower
MPRegen 0.15/turn               (no ring)

@: no status effects
A: no striking features
a: no special abilities


You were on level 4 of the Dungeon.
You visited 1 branch of the dungeon, and saw 4 of its levels.

You collected 177 gold pieces.

Inventory:

Hand Weapons
 a - a +1 dagger of pain
 e - a +0 spear (weapon)
 m - a +1 mace of holy wrath
 s - a +0 short sword of protection
Missiles
 k - 45 stones
Armour
 b - a +0 robe (worn)
 c - a +0 hat
 i - a +0 helmet (worn)
Jewellery
 p - a ring of willpower (left hand)
Scrolls
 r - 2 scrolls of identify
Potions
 d - a potion of magic
 f - a potion of attraction
 g - 3 potions of cancellation
 h - 2 potions of brilliance
 j - a potion of flight
 n - 5 potions of invisibility


   Skills:
 + Level 0.9 Polearms
 + Level 3.8 Dodging
 + Level 4.1 Stealth
 + Level 6.3 Spellcasting
 + Level 2.9 Conjurations
 + Level 2.8 Summonings
 + Level 2.9 Translocations


You had 12 spell levels left.
You knew the following spells:

 Your Spells              Type           Power      Damage    Failure   Level
a - Magic Dart            Conj           72%        1d6       3%          1
b - Blink                 Tloc           36%        N/A       4%          2
c - Call Imp              Summ           18%        N/A       4%          2

Your spell library contained the following spells:

 Spells                   Type           Power      Damage    Failure   Level
 Static Discharge         Conj/Air       12%        3-5/arc   8%          2
 Sandblast                Erth           12%        2d6       10%         1
 Slow                     Hex            24%        N/A       10%         1
 Passwall                 Tmut/Erth      5%         N/A       14%         2
 Conjure Flame            Conj/Fire      12%        6-21      16%         3
 Stone Arrow              Conj/Erth      24%        3d8       16%         3
 Mephitic Cloud           Conj/Pois/Air  10%        N/A       19%         3
 Lightning Bolt           Conj/Air       6%         1d18      82%         5
 Maxwell's Capacitive Co  Air            3%         ∞         100%        8


Dungeon Overview and Level Annotations

Branches:
Dungeon (4/15)
 Temple: D:4-7

Altars:

Annotations:
D:4 Edmund


Message History

Your crimson imp closely misses the orc priest.
You feel better.
The orc priest invokes the aid of Beogh against you.
You resist with some effort.
Your crimson imp hits the orc priest but does no damage.
You hit the orc priest but do no damage.
The orc priest is heavily wounded.
The orc priest closely misses you.
The orc priest hits your crimson imp with a +0 hand axe.
Your crimson imp hits the orc priest but does no damage.
You barely miss the orc priest.
The orc priest is heavily wounded.
The orc priest closely misses you. The orc priest misses your crimson imp.
Your crimson imp hits the orc priest but does no damage.
You hit the orc priest.
The orc priest is severely wounded.
The orc priest barely misses you.
The orc priest barely misses your crimson imp.
Your crimson imp barely misses the orc priest.
You completely miss the orc priest.
The orc priest is severely wounded.
The orc priest hits you with a +0 hand axe.
* * * LOW HITPOINT WARNING * * *
The orc priest completely misses your crimson imp.
Your crimson imp blinks!
You barely miss the orc priest.
The orc priest is severely wounded.
The orc priest begins to cast a cantrip, but forgets the words!
You hit the orc priest.
The orc priest is almost dead.
The orc priest hits you with a +0 hand axe.
* * * LOW HITPOINT WARNING * * *
You hit the orc priest but do no damage.
The orc priest is almost dead.
The orc priest hits you but does no damage.
You hit the orc priest but do no damage.
You punch the orc priest, but do no damage.
The orc priest is almost dead.
The orc priest hits you with a +0 hand axe.
You die...

...# #.....# ..#### #.....#
### ..#>.# #....## ...#
.....# #....# ....# .....#
#....# ....+ ...###
######....#####.... ..[##
#..............# ....#
#......5.......# ....#
#.......@......# ....#
#.......)o.....# ....#
#..............#
#########..............##
...##...####'####'#......#
....#.....#...#...'......+
....#.....#...#...#......#
#####..####..####'#......#
##.##..####..#......####...


You could see an orc priest (ally target) and a friendly crimson imp (summoned).

Vanquished Creatures
  Menkaure (D:4)
  An orc priest (D:3)
  A worm (D:3)
  3 dart slugs
  4 orcs
  6 ball pythons
  5 endoplasms
  4 giant cockroaches
  6 goblins
  6 hobgoblins
  A jackal (D:1)
  6 kobolds
  3 quokkas
  5 bats
  2 frilled lizards
  2 rats (D:1)
56 creatures vanquished.

Vanquished Creatures (collateral kills)
  A scorpion (D:3)
  An orc priest (D:3)
  A hound (D:4)
  6 adders
  2 worms (D:2)
  2 dart slugs
  An orc (D:3)
  2 ball pythons
  A giant cockroach (D:3)
  A goblin (D:1)
  3 jackals (D:1)
  A kobold (D:1)
  A bat (D:1)
  A rat (D:2)
24 creatures vanquished.

Grand Total: 80 creatures vanquished

Notes
Turn   | Place    | Note
-------+----------+-------------------------------------------
     0 | D:1      | promet the Deep Elf Hedge Wizard began the quest for the
                  | Orb.
     0 | D:1      | Reached XP level 1. HP: 10/10 MP: 7/7
   418 | D:1      | Reached XP level 2. HP: 15/15 MP: 6/9
   421 | D:1      | Learned a level 2 spell: Blink
   424 | D:1      | Learned a level 2 spell: Call Imp
  1218 | D:1      | Reached skill level 5 in Spellcasting
  1415 | D:2      | Reached XP level 3. HP: 17/19 MP: 5/11
  2782 | D:2      | Reached XP level 4. HP: 20/24 MP: 13/13
  4385 | D:3      | Noticed a scorpion
  4678 | D:3      | Killed a scorpion
  4679 | D:3      | Reached XP level 5. HP: 28/28 MP: 10/15
  5049 | D:3      | Reached skill level 6 in Spellcasting
  5594 | D:4      | Noticed Edmund
  5833 | D:4      | Reached XP level 6. HP: 17/32 MP: 15/17
  6069 | D:4      | Noticed Menkaure
  6091 | D:4      | Killed Menkaure
  6795 | D:4      | Slain by an orc priest

Illustrated notes

Levels and vault maps discovered:
D:1:      dpeg_arrival_houses_and_road, layout_basic
D:2:      layout_loops_ring, minmay_puff
D:3:      layout_basic
D:4:      layout_gridville, minivault_25, uniq_edmund, uniq_menkaure

Skill      XL: |  1  2  3  4  5  6 |
---------------+-------------------+-----
Spellcasting   | 5 6 |  6.3
Stealth        | 3 4 |  4.1
Dodging        | 3 |  3.8
Conjurations   | 2 |  2.9
Summonings     | 2 |  2.8
Translocations | 2 |  2.9
Polearms       | |  0.9

Action                   |  1- 3 |  4- 6 || total
-------------------------+-------+-------++-------
Melee: Dagger            |     8 |     9 ||    17
       Short sword       |    43 |    23 ||    66
       Punch             |     1 |     2 ||     3
       Spear             |       |    86 ||    86
 Cast: Magic Dart        |    57 |    43 ||   100
       Call Imp          |     8 |    22 ||    30
       Blink             |     1 |     2 ||     3
  Use: Scroll            |     6 |    11 ||    17
       Potion            |       |     4 ||     4
 Stab: Sleeping          |     1 |     3 ||     4
       Distracted        |     1 |     1 ||     2
Armor: Robe              |    19 |    21 ||    40
Dodge: Dodged            |    73 |    97 ||   170
